 Dungeon Crawl Stone Soup version 0.31.0-32-g396128a36d (webtiles) character file.

Game seed: 14626527047961575475

32 cdecastro the Grasshopper (level 3, -3/30 HPs)
             Began as an Armataur Warper on Mar 22, 2024.
             Slain by a ribbon worm (7 damage)
             ... on level 2 of the Dungeon.
             The game lasted 00:01:59 (769 turns).

cdecastro the Grasshopper (Armataur Warper)          Turns: 769, Time: 00:01:59

Health: -3/30      AC:  4    Str: 16    XL:     3   Next: 8%
Magic:  5/5        EV:  9    Int: 15    God:
Gold:   75         SH:  0    Dex:  9    Spells: 5/5 levels left

rFire   . . .        a - +0 mace
rCold   . . .        (no shield)
rNeg    . . .        b - +0 leather armour
rPois   .            (no helmet)
rElec   .            (no cloak)
rCorr   .            (no gloves)
SInv    .            (no barding)
Will    .....        (no amulet)
Stlth   +            (no ring)
HPRegen 0.25/turn    (no ring)
MPRegen 0.09/turn

%: roll
@: no status effects
A: large, deformed body, tough skin 3, armoured tail, roll 1
a: no special abilities


You were on level 2 of the Dungeon.
You visited 1 branch of the dungeon, and saw 2 of its levels.

You collected 75 gold pieces.

Inventory:

Hand Weapons
 a - a +0 mace (weapon)
Missiles
 d - 7 darts of dispersal (quivered)
Armour
 b - a +0 leather armour (worn)
Scrolls
 c - a scroll of blinking
 e - a scroll of identify {unknown}
 g - a scroll of torment {unknown}
 h - a scroll of revelation {unknown}
Potions
 f - a potion of curing {unknown}
 i - a potion of lignification {unknown}


   Skills:
 * Level 2.8 Fighting
 - Level 1.7 Maces & Flails
 - Level 0.8 Throwing
 - Level 1.2 Armour
 - Level 1.3 Dodging
 - Level 1.7 Spellcasting
 + Level 3.4 Translocations


You had 5 spell levels left.
You didn't know any spells.
Your spell library contained the following spells:

 Spells                   Type           Power      Damage    Failure   Level
 Apportation              Tloc           22%        N/A       7%          1
 Blink                    Tloc           22%        N/A       11%         2
 Lesser Beckoning         Tloc           22%        N/A       11%         2
 Teleport Other           Tloc           11%        N/A       21%         3
 Jinxbite                 Hex            2%         N/A       38%         2
 Manifold Assault         Tloc           11%        N/A       56%         4
 Vhi's Electric Charge    Tloc/Air       12%        N/A       80%         4
 Alistair's Intoxication  Alch           0%         N/A       100%        5


Dungeon Overview and Level Annotations

Branches:
Dungeon (2/15)

Altars:


Innate Abilities, Weirdness & Mutations

Armour fits poorly on your strangely shaped body.
You have extremely tough skin. (AC +3)
You have a long armoured tail.
You regenerate magic when rolling toward enemies. (Rampage MPRegen)


Message History

The stream of webbing misses you.
You hit the ribbon worm.
You punch the ribbon worm, but do no damage.
The ribbon worm is moderately wounded.
The ribbon worm bites you.
You barely miss the ribbon worm.
The ribbon worm is moderately wounded.
The ribbon worm closely misses you.
You hit the ribbon worm but do no damage.
The ribbon worm is lightly wounded.
The ribbon worm expels a string of sticky webbing.
The stream of webbing hits you but does no damage.
You are caught in a web!
The ribbon worm completely misses you.
The web tears apart.
You hit the ribbon worm.
The ribbon worm is lightly wounded.
The ribbon worm bites you!
* * * LOW HITPOINT WARNING * * *
You barely miss the ribbon worm.
The ribbon worm is lightly wounded.
The ribbon worm bites you.
* * * LOW HITPOINT WARNING * * *
The ribbon worm bites you.
* * * LOW HITPOINT WARNING * * *
You hit the ribbon worm.
The ribbon worm is moderately wounded.
The ribbon worm bites you.
* * * LOW HITPOINT WARNING * * *
You hit the ribbon worm.
The ribbon worm is moderately wounded.
The ribbon worm expels a string of sticky webbing.
The stream of webbing hits you but does no damage.
You are caught in a web!
You struggle to detach yourself from the web.
The web tears apart.
The ribbon worm bites you but does no damage.
You hit the ribbon worm. You punch the ribbon worm.
The ribbon worm is heavily wounded.
The ribbon worm bites you!
You die...

# #.# # #.# # #.########
♣ #
######................ #
##...##.#########.....
#####.....#.#######
#...PP
...........>......###..P♣
#####.....#.#####...>...♣
##...##.....@w.##..P♣♣♣w.
######..#####.##..wPPP..
#..# #..<........ #..#
#.##........ #..#
#.##.####### #..# #....#
##.. ..#### ### ###


You could see a ribbon worm (catching breath).

Vanquished Creatures
  A dart slug (D:1)
  3 ball pythons (D:1)
  2 giant cockroaches (D:1)
  6 goblins (D:1)
  3 hobgoblins (D:1)
  3 jackals (D:1)
  A kobold (D:1)
  5 bats (D:1)
  A rat (D:1)
25 creatures vanquished.

Notes
Turn   | Place    | Note
-------+----------+-------------------------------------------
     0 | D:1      | cdecastro the Armataur Warper began the quest for the Orb.
     0 | D:1      | Reached XP level 1. HP: 17/17 MP: 3/3
    42 | D:1      | Reached XP level 2. HP: 24/24 MP: 4/4
   307 | D:1      | Reached XP level 3. HP: 25/30 MP: 5/5
   769 | D:2      | Slain by a ribbon worm

Illustrated notes

Levels and vault maps discovered:
D:1:      ncdulo_watergridlock, layout_basic, minmay_indecisive_spiral
D:2:      layout_loops_ring, kennysheep_boxes

Skill      XL: |  1 |
---------------+----+-----
Fighting       | 2 |  2.8
Maces & Flails | |  1.7
Throwing       | |  0.8
Armour         | |  1.2
Dodging        | |  1.3
Spellcasting   | |  1.7
Translocations | |  3.4

Action                     || total
---------------------------++-------
  Melee: Mace              ||    76
         Tailslap          ||    12
         Punch             ||     2
 Armour: Leather armour    ||    53
  Dodge: Dodged            ||    57
